 Dungeon Crawl Stone Soup version 0.16.2-12-gd0ad4c3 (webtiles) character file.

555 Kloppie the Skirmisher (level 7, -4/59 HPs)
             Began as a Formicid Fighter on Oct 27, 2015.
             Slain by a gnoll
             ... wielding a +0 flail
              (12 damage)
             ... on level 4 of the Dungeon.
             The game lasted 00:07:38 (4648 turns).

Kloppie the Skirmisher (Formicid Fighter)           Turns: 4648, Time: 00:07:38

Health: -4/59      AC:  6    Str: 22    XL:     7   Next: 56%
Magic:  9/9        EV:  8    Int:  8    God:
Gold:   177        SH:  9    Dex: 10    Spells: 0 memorised, 6 levels left

rFire  . . .     SeeInvis +     a - +0 long sword
rCold  . . .     Clarity  .     b - +0 scale mail
rNeg   . . .     SustAb   .     c - +0 shield
rPois  .         Gourm    .     (helmet unavailable)
rElec  .         Spirit   .     (no cloak)
rCorr  .         Warding  .     (no gloves)
rMut   .         Stasis   +     (no boots)
MR     .....                    (no amulet)
Stlth  ..........               (no ring)
                                (no ring)

@: not resistant to hostile enchantments, extremely unstealthy
A: permanent stasis, dig shafts and tunnels, four strong arms, antennae 3
a: Dig, Shaft Self


You were on level 4 of the Dungeon.
You were not hungry.

You visited 1 branch of the dungeon, and saw 4 of its levels.

You collected 177 gold pieces.

Inventory:

Hand weapons
 a - a +0 long sword (weapon)
Armour
 b - a +0 scale mail (worn)
 c - a +0 shield (worn)
Jewellery
 l - an uncursed ring of protection from fire {unknown}
Scrolls
 f - 3 scrolls of remove curse {unknown}
 h - a scroll of identify {unknown}
 k - a scroll of teleportation {unknown}
 m - 2 scrolls of enchant weapon {unknown}
 n - a scroll of random uselessness {unknown}
 p - 4 scrolls of recharging {unknown}
Potions
 e - 2 potions of might
 g - a potion of agility {unknown}
 i - 2 potions of curing {unknown}
 j - a potion of mutation {unknown}
 q - a potion of haste {unknown}
Comestibles
 d - a bread ration
 o - a beef jerky


   Skills:
 + Level 6.5 Fighting
 + Level 5.8 Long Blades
 - Level 3.2 Armour
 - Level 3.6 Shields


You had 6 spell levels left.
You didn't know any spells.

Dungeon Overview and Level Annotations

Branches:
Dungeon (4/15)
 Temple: D:4-7

Altars:
Gozag

Shops:
D:2 *


Innate Abilities, Weirdness & Mutations

You are under a permanent stasis effect.
You can dig through walls and to a lower floor.
Your four strong arms can wield two-handed weapons with a shield.
You have a pair of large antennae on your head (SInv).


Message History

You closely miss the gnoll.
The gnoll is heavily wounded.
You block the gnoll's attack.
The gnoll hits you from afar with a halberd!
You barely miss the gnoll.
The gnoll is heavily wounded.
You block the gnoll's attack.
The gnoll hits you from afar with a halberd!
You closely miss the gnoll.
The gnoll is heavily wounded.
You block the gnoll's attack.
You hit the gnoll but do no damage.
The gnoll is heavily wounded.
The gnoll barely misses you. The gnoll hits you with a flail!
You hit the gnoll but do no damage.
The gnoll is heavily wounded.
The gnoll hits you from afar with a halberd!
* * * LOW HITPOINT WARNING * * *
The gnoll hits you with a flail!
You die...

###.### #.....#
##.....# #......#
#......# #......#
#.######
.#.##.##############.#
.......ggg@..........#
##.###.###############
{.. ##


You could see 3 gnolls.

Vanquished Creatures
  2 ogres (D:4)
  Duvessa (D:4)
  Dowan (D:4)
  An iguana (D:4)
  A giant frog skeleton (D:4)
  An orc wizard (D:4)
  2 worker ants
  3 adders
  3 gnolls
  3 worms
  2 giant geckos
  5 orcs (D:3)
  A ball python (D:2)
  3 giant cockroaches
  6 goblins
  12 hobgoblins
  11 kobolds
  11 bats
  4 giant newts
  6 jackals
  2 quokkas (D:2)
  6 rats
87 creatures vanquished.

Notes
Turn   | Place    | Note
--------------------------------------------------------------
     0 | D:1      | Kloppie, the Formicid Fighter, began the quest for the Orb.
     0 | D:1      | Reached XP level 1. HP: 18/18 MP: 1/1
   103 | D:1      | Reached XP level 2. HP: 24/24 MP: 3/3
   733 | D:1      | Reached skill level 4 in Fighting
   733 | D:1      | Reached XP level 3. HP: 30/30 MP: 4/4
  1453 | D:2      | Reached XP level 4. HP: 11/37 MP: 5/5
  1653 | D:2      | Found Gozag's Platinum Reserve.
  1819 | D:2      | Found an opulent altar of Gozag.
  2376 | D:3      | Reached XP level 5. HP: 10/43 MP: 7/7
  3200 | D:4      | Noticed an ogre
  3211 | D:4      | Killed an ogre
  3211 | D:4      | Reached skill level 5 in Fighting
  3211 | D:4      | Reached XP level 6. HP: 47/51 MP: 8/8
  3255 | D:4      | Noticed an ogre
  3263 | D:4      | Killed an ogre
  3794 | D:4      | Reached skill level 5 in Long Blades
  4172 | D:4      | Reached skill level 6 in Fighting
  4172 | D:4      | Reached XP level 7. HP: 56/58 MP: 9/9
  4203 | D:4      | Noticed Duvessa
  4204 | D:4      | Noticed Dowan
  4242 | D:4      | Killed Duvessa
  4332 | D:4      | Killed Dowan
  4648 | D:4      | Slain by a gnoll

Action                   |  1- 3 |  4- 6 |  7- 9 || total
-------------------------+-------+-------+-------++-------
Melee: Long sword        |   112 |   191 |    94 ||   397
  Eat: Chunk             |     1 |     5 |     2 ||     8
       Bread ration      |       |     1 |       ||     1
